PITTSBURGH PENGUINS vs MANCHESTER MONARCHS

Created - 4 mai 2024 at 07:36

Goals
1 2 3 T
PITTSBURGH PENGUINS 4 2 1 7
MANCHESTER MONARCHS 0 1 2 3
Shots
1 2 3 T
PITTSBURGH PENGUINS 20 17 9 46
MANCHESTER MONARCHS 5 10 25 40

1st period

1. PITTSBURGH PENGUINS , Samuel Blais 3 (Curtis McKenzie 3, Max McCormick 5) at 0:25
2. PITTSBURGH PENGUINS , Joseph Blandisi 1 (Sam Carrick 1, Garrett Wilson 2) at 4:20
3. PITTSBURGH PENGUINS , Saku Maenalanen 2 (Max McCormick 6) at 7:09
4. PITTSBURGH PENGUINS , Samuel Blais 4 (Michael Stone 4, Curtis McKenzie 4) at 18:13 (PP)

Penalties :
Peter DiLiberatore (MAN) for Hooking (Minor) at 6:01, Samuel Blais (PIT) for Interference (Minor) at 6:01, Nicholas Abruzzese (MAN) for Roughing (Minor) at 8:04, Noah Juulsen (MAN) for Holding (Minor) at 17:36

2nd period

5. PITTSBURGH PENGUINS , Michael Stone 1 (Samuel Blais 5, Curtis McKenzie 5) at 4:00 (PP)
6. PITTSBURGH PENGUINS , Rhett Gardner 1 (Gemel Smith 2, Saku Maenalanen 2) at 6:14 (PP)
7. MANCHESTER MONARCHS , Vasily Podkolzin 2 (Gabriel Fortier 3, William Cuylle 2) at 14:58 (PP)

Penalties :
Peter DiLiberatore (MAN) for Holding (Minor) at 2:33, Noah Juulsen (MAN) for Hooking (Minor) at 3:49, Noah Juulsen (MAN) for Hooking (Minor) at 5:51, Tanner Pearson (MAN) for Hooking (Minor) at 8:14, Michael Stone (PIT) for Tripping (Minor) at 11:19, Michael Karow (PIT) for Hooking (Minor) at 13:29, Samuel Blais (PIT) for Hooking (Minor) at 19:34

3rd period

8. MANCHESTER MONARCHS , Vasily Podkolzin 3 (Noah Juulsen 2) at 3:22
9. MANCHESTER MONARCHS , Jamieson Rees 1 (Nils Hoglander 1) at 5:37
10. PITTSBURGH PENGUINS , Max McCormick 1 (Samuel Blais 6, Curtis McKenzie 6) at 5:49

Penalties :
Michael Stone (PIT) for Charging (Minor) at 6:09, Kole Lind (MAN) for High sticking (Minor) at 8:09, Michael Karow (PIT) for High sticking (Minor) at 8:09, Jamieson Rees (MAN) for High sticking (Minor) at 14:15, Darren Brady (PIT) for Hooking (Minor) at 17:46

Goalie Stats

Joseph Woll (PIT), 37 saves from 40 shots - (0,925), W, 3-0-0, 60:00 minutes
Mark Guzda (MAN), 15 saves from 19 shots - (0,789), L, 0-3-0, 18:13 minutes
Michael DiPietro (MAN), 24 saves from 27 shots - (0,889), 41:47 minutes

Players Stats for PITTSBURGH PENGUINS

Player Name              G  A  P  +/- PIM S  H  SB GA TA FO     MP     PP MP  PK MP  
------------------------------------------------------------------------------------
Brett Sutter             0  0  0   0  0   0  0  0  0  0  0/0     4:51   0:00   0:00 
Curtis McKenzie          0  4  4   1  0   4  2  0  0  0  20/32  24:20   5:10   5:57 
Darren Brady             0  0  0  -1  2   0  1  0  0  0  0/0    14:15   0:00   1:24 
Garrett Wilson           0  1  1   0  0   1  0  0  0  0  2/4    11:53   0:00   1:22 
Gemel Smith              0  1  1   0  0   2  2  0  0  0  2/2    15:18   5:02   0:00 
Jimmy Schuldt            0  0  0   2  0   1  3  0  0  0  0/0    25:09   5:13   5:28 
Joseph Blandisi          1  0  1   0  0   1  0  0  0  0  1/3    10:51   0:00   0:00 
Kaedan Korczak           0  0  0   1  0   1  1  6  0  0  0/0    22:56   4:59   4:54 
Mason Morelli            0  0  0   0  0   2  2  0  0  0  4/8     4:51   0:00   0:00 
Max McCormick            1  2  3   2  0   6  0  0  0  0  2/4    20:57   5:10   3:28 
Michael Karow            0  0  0   0  4   1  3  0  0  0  0/0    13:17   0:03   0:00 
Michael Stone            1  1  2   2  4   6  1  0  0  0  0/0    22:43   5:10   3:07 
Nicolas Petan            0  0  0   0  0   1  0  0  0  0  1/1     5:49   0:00   0:14 
Rhett Gardner            1  0  1   0  0   1  6  0  0  0  2/3    15:18   5:02   0:00 
Saku Maenalanen          1  1  2   1  0   7  2  2  0  0  4/26   20:18   5:02   3:28 
Sam Carrick              0  1  1   0  0   4  1  0  0  0  9/14   10:45   0:00   0:00 
Samuel Blais             2  2  4   1  4   8  4  0  0  0  8/11   21:24   5:10   4:21 
Steven Santini           0  0  0   0  0   0  2  0  0  0  0/0    21:35   4:59   3:57 

Players Stats for MANCHESTER MONARCHS

Player Name              G  A  P  +/- PIM S  H  SB GA TA FO     MP     PP MP  PK MP  
------------------------------------------------------------------------------------
Brayden Tracey           0  0  0   0  0   0  0  0  0  0  0/0     0:36   0:00   0:00 
Chad Nychuk              0  0  0   0  0   0  1  0  0  0  0/0    12:18   0:00   1:29 
Gabriel Fortier          0  1  1   1  0   4  0  0  0  0  18/30  19:38   4:29   0:00 
Jamieson Rees            1  0  1   1  2   1  0  0  0  0  6/12    7:14   0:00   0:00 
Jesper Boqvist           0  0  0  -1  0   6  0  2  0  0  15/39  25:36   4:56   4:43 
Keaton Middleton         0  0  0  -3  0   2  3  0  0  0  0/0    27:23   5:44   5:13 
Kole Lind                0  0  0  -3  2   3  1  0  0  0  1/1    25:44   4:56   5:34 
Logan Brown              0  0  0   0  0   0  0  0  0  0  0/2     1:11   0:00   0:00 
Nicholas Abruzzese       0  0  0  -1  2   4  1  1  0  0  0/0     7:48   0:00   0:45 
Nils Hoglander           0  1  1   1  0   3  0  0  0  0  0/2     9:20   0:00   1:29 
Noah Juulsen             0  1  1   0  6   0  3  5  0  0  0/0    20:50   3:41   3:29 
Otto Leskinen            0  0  0   0  0   2  0  2  0  0  0/0    22:03   3:41   4:40 
Peter DiLiberatore       0  0  0   1  4   0  0  0  0  0  0/0    10:31   0:00   0:18 
Simon Nemec              0  0  0  -2  0   0  0  1  0  0  0/0    26:50   5:44   5:14 
Tanner Pearson           0  0  0  -3  2   6  1  0  0  0  5/6    16:24   4:56   3:15 
Tyler Madden             0  0  0  -1  0   1  0  0  0  0  6/12    7:04   0:00   0:00 
Vasily Podkolzin         2  0  2   1  0   6  1  0  0  0  2/2    19:38   4:29   0:00 
William Cuylle           0  1  1   0  0   2  3  0  0  0  0/2    25:22   4:29   4:27 

3 Stars

1 - Samuel Blais (PIT)
2 - Max McCormick (PIT)
3 - Curtis McKenzie (PIT)

Power Play

PITTSBURGH PENGUINS - 3 on 7 Attempt(s) - 42,86%
MANCHESTER MONARCHS - 1 on 5 Attempt(s) - 20,00%

Penalty Kill

PITTSBURGH PENGUINS - 4 on 5 Attempt(s) - 80,00% - Score 0 goal in Penalty Kill
MANCHESTER MONARCHS - 4 on 7 Attempt(s) - 57,14% - Score 0 goal in Penalty Kill

Team Stat

PITTSBURGH PENGUINS - Hits : 30 - Faceoff Wins : 55 - Blocked Shots : 8 - Penalty Minutes : 14
MANCHESTER MONARCHS - Hits : 14 - Faceoff Wins : 53 - Blocked Shots : 11 - Penalty Minutes : 18

Official

Referees : Tim Mayer and Brad Meier
Linesman : Steve Barton and Kelsey Mahoney

Game Notes

Michael DiPietro enters game at 18:13 of 1st period

PITTSBURGH PENGUINS

5 vs 5 Forward 
   Center                   Left Wing                Right Wing               Time % Phy DF OF 
 1 Curtis McKenzie          Samuel Blais             Max McCormick            36     1   2  2  
 2 Saku Maenalanen          Rhett Gardner            Gemel Smith              31     1   2  2  
 3 Sam Carrick              Garrett Wilson           Joseph Blandisi          23     1   2  2  
 4 Mason Morelli            Brett Sutter             Nicolas Petan            10     1   2  2  

5 vs 5 Defense 
   Defense                  Defense                                           Time % Phy DF OF 
 1 Michael Stone            Jimmy Schuldt                                     36     1   2  2  
 2 Kaedan Korczak           Steven Santini                                    31     1   2  2  
 3 Michael Karow            Darren Brady                                      23     1   2  2  
 4 Michael Stone            Jimmy Schuldt                                     10     1   2  2  

PowerPlay Forward 
   Center                   Left Wing                Right Wing               Time % Phy DF OF 
 1 Curtis McKenzie          Samuel Blais             Max McCormick            55     1   2  2  
 2 Saku Maenalanen          Rhett Gardner            Gemel Smith              45     1   2  2  

PowerPlay Defense
   Defense                  Defense                                           Time % Phy DF OF 
 1 Michael Stone            Jimmy Schuldt                                     55     1   2  2  
 2 Kaedan Korczak           Steven Santini                                    45     1   2  2  

Penalty Kill 4 Players Forward 
   Center                   Wing                     Time % Phy DF OF 
 1 Samuel Blais             Curtis McKenzie          55     1   2  2  
 2 Saku Maenalanen          Max McCormick            45     1   2  2  

Penalty Kill 4 Players Defense
   Defense                  Defense                  Time % Phy DF OF 
 1 Michael Stone            Jimmy Schuldt            55     1   2  2  
 2 Kaedan Korczak           Steven Santini           45     1   2  2  

Penalty Kill - 3 Players Forward 
   Forward                                           Time % Phy DF OF 
 1 Samuel Blais                                      55     1   2  2  
 2 Curtis McKenzie                                   45     1   2  2  

Penalty Kill - 3 Players Defense
   Defense                  Defense                  Time % Phy DF OF 
 1 Michael Stone            Jimmy Schuldt            55     1   2  2  
 2 Kaedan Korczak           Steven Santini           45     1   2  2  

4 vs 4 Forward 
   Center                   Wing                     Time % Phy DF OF 
 1 Samuel Blais             Curtis McKenzie          55     1   2  2  
 2 Saku Maenalanen          Max McCormick            45     1   2  2  

4 vs 4 Defense
   Defense                  Defense                  Time % Phy DF OF 
 1 Michael Stone            Jimmy Schuldt            55     1   2  2  
 2 Kaedan Korczak           Steven Santini           45     1   2  2  

Last Minutes Offensive
   Center                   Left Wing                Right Wing               Defense                  Defense                  
   Curtis McKenzie          Samuel Blais             Max McCormick            Michael Stone            Jimmy Schuldt            

Last Minutes Defensive
   Center                   Left Wing                Right Wing               Defense                  Defense                  
   Curtis McKenzie          Samuel Blais             Max McCormick            Michael Stone            Jimmy Schuldt            

Goaltenders
Starting : Joseph Woll              
Backup : Isaac Poulter            

Extra Forwards
Normal : Sam Carrick, Joseph Blandisi, Garrett Wilson - PP : Sam Carrick, Joseph Blandisi - PK : Garrett Wilson
Extra Defensemen
Normal : Michael Karow, Darren Brady, Kaedan Korczak - PP : Michael Karow - PK : Darren Brady, Kaedan Korczak
Penalty Shots
Samuel Blais, Curtis McKenzie, Saku Maenalanen, Max McCormick, Rhett Gardner

Scratches
Evan Barratt (Healthy), Tyler Tucker (Strained Left Knee Injury), Thomas Bordeleau (Healthy), Victor Berglund (Healthy), Lukas Cormier (Healthy)
Ryder Korczak (Healthy), Beck Warm (Healthy)

MANCHESTER MONARCHS

5 vs 5 Forward 
   Center                   Left Wing                Right Wing               Time % Phy DF OF 
 1 Jesper Boqvist           Tanner Pearson           Kole Lind                36     1   2  2  
 2 Gabriel Fortier          William Cuylle           Vasily Podkolzin         31     1   2  2  
 3 Jamieson Rees            Nils Hoglander           Jesper Boqvist           23     1   2  2  
 4 Tyler Madden             Nicholas Abruzzese       Kole Lind                10     1   2  2  

5 vs 5 Defense 
   Defense                  Defense                                           Time % Phy DF OF 
 1 Keaton Middleton         Simon Nemec                                       36     1   2  2  
 2 Noah Juulsen             Otto Leskinen                                     31     1   2  2  
 3 Peter DiLiberatore       Chad Nychuk                                       23     1   2  2  
 4 Keaton Middleton         Simon Nemec                                       10     1   2  2  

PowerPlay Forward 
   Center                   Left Wing                Right Wing               Time % Phy DF OF 
 1 Jesper Boqvist           Tanner Pearson           Kole Lind                55     1   2  2  
 2 Gabriel Fortier          William Cuylle           Vasily Podkolzin         45     1   2  2  

PowerPlay Defense
   Defense                  Defense                                           Time % Phy DF OF 
 1 Keaton Middleton         Simon Nemec                                       55     1   2  2  
 2 Noah Juulsen             Otto Leskinen                                     45     1   2  2  

Penalty Kill 4 Players Forward 
   Center                   Wing                     Time % Phy DF OF 
 1 Jesper Boqvist           Kole Lind                55     1   2  2  
 2 Tanner Pearson           William Cuylle           45     1   2  2  

Penalty Kill 4 Players Defense
   Defense                  Defense                  Time % Phy DF OF 
 1 Keaton Middleton         Simon Nemec              55     1   2  2  
 2 Noah Juulsen             Otto Leskinen            45     1   2  2  

Penalty Kill - 3 Players Forward 
   Forward                                           Time % Phy DF OF 
 1 Jesper Boqvist                                    55     1   2  2  
 2 Kole Lind                                         45     1   2  2  

Penalty Kill - 3 Players Defense
   Defense                  Defense                  Time % Phy DF OF 
 1 Keaton Middleton         Simon Nemec              55     1   2  2  
 2 Noah Juulsen             Otto Leskinen            45     1   2  2  

4 vs 4 Forward 
   Center                   Wing                     Time % Phy DF OF 
 1 Jesper Boqvist           Kole Lind                55     1   2  2  
 2 Tanner Pearson           William Cuylle           45     1   2  2  

4 vs 4 Defense
   Defense                  Defense                  Time % Phy DF OF 
 1 Keaton Middleton         Simon Nemec              55     1   2  2  
 2 Noah Juulsen             Otto Leskinen            45     1   2  2  

Last Minutes Offensive
   Center                   Left Wing                Right Wing               Defense                  Defense                  
   Jesper Boqvist           Tanner Pearson           Kole Lind                Keaton Middleton         Simon Nemec              

Last Minutes Defensive
   Center                   Left Wing                Right Wing               Defense                  Defense                  
   Jesper Boqvist           Tanner Pearson           Kole Lind                Keaton Middleton         Simon Nemec              

Goaltenders
Starting : Mark Guzda               
Backup : Michael DiPietro         

Extra Forwards
Normal : Logan Brown, Brayden Tracey, Nils Hoglander - PP : Logan Brown, Brayden Tracey - PK : Nils Hoglander
Extra Defensemen
Normal : Peter DiLiberatore, Chad Nychuk, Noah Juulsen - PP : Peter DiLiberatore - PK : Chad Nychuk, Noah Juulsen
Penalty Shots
Jesper Boqvist, Kole Lind, Tanner Pearson, William Cuylle, Vasily Podkolzin

Scratches
Grigori Denisenko (Healthy), Jake Leschyshyn (Healthy), Nicholas Robertson (Healthy), Jayden Struble (Healthy), Vladislav Firstov (Healthy)
Ryan McAllister (Healthy), Olof Lindbom (Healthy)

% Time on Ice - PITTSBURGH PENGUINS

Lines # - Real PCT - Wanted PCT - Time Play
Normal Forward
1 - 30% - 36% - 10:47
2 - 28% - 31% - 10:16
3 - 29% - 23% - 10:31
4 - 13% - 10% - 4:51
Normal Defense
1 - 32% - 36% - 11:44
2 - 32% - 31% - 11:31
3 - 35% - 23% - 12:52
4 - 1% - 10% - 0:18
PP Forward
1 - 51% - 55% - 5:10
2 - 49% - 45% - 5:02
PP Defense
1 - 51% - 55% - 5:13
2 - 49% - 45% - 4:59
PK Forward
1 - 63% - 55% - 5:57
2 - 37% - 45% - 3:28
PK Defense
1 - 58% - 55% - 5:28
2 - 42% - 45% - 3:57
PK3 Forward
1 - 0% - 55%
2 - 0% - 45%
PK3 Defense
1 - 0% - 55%
2 - 0% - 45%
44 Forward
1 - 61% - 55% - 2:26
2 - 39% - 45% - 1:32
44 Defense
1 - 61% - 55% - 2:26
2 - 39% - 45% - 1:32
Last Minute Offensive  - 0:00
Last Minute Defensive  - 0:00
Total
Forward - 60:00
Defense - 60:00

% Time on Ice - MANCHESTER MONARCHS

Lines # - Real PCT - Wanted PCT - Time Play
Normal Forward
1 - 19% - 36% - 6:57
2 - 42% - 31% - 15:09
3 - 20% - 23% - 7:15
4 - 19% - 10% - 7:04
Normal Defense
1 - 38% - 36% - 13:42
2 - 32% - 31% - 11:34
3 - 28% - 23% - 10:15
4 - 2% - 10% - 0:54
PP Forward
1 - 52% - 55% - 4:56
2 - 48% - 45% - 4:29
PP Defense
1 - 61% - 55% - 5:44
2 - 39% - 45% - 3:41
PK Forward
1 - 56% - 55% - 5:34
2 - 44% - 45% - 4:27
PK Defense
1 - 50% - 55% - 5:03
2 - 50% - 45% - 4:58
PK3 Forward
1 - 100% - 55% - 0:11
2 - 0% - 45% - 0:00
PK3 Defense
1 - 100% - 55% - 0:11
2 - 0% - 45% - 0:00
44 Forward
1 - 68% - 55% - 2:41
2 - 32% - 45% - 1:17
44 Defense
1 - 46% - 55% - 1:50
2 - 54% - 45% - 2:08
Last Minute Offensive  - 0:00
Last Minute Defensive  - 0:00
Total
Forward - 60:00
Defense - 60:00

Play-by-Play

1st period


0:01 of 1st period - Curtis McKenzie wins face-off versus Jesper Boqvist in neutral zone.
0:25 of 1st period - Shot by Samuel Blais.
0:25 of 1st period - Goal by Samuel Blais - PITTSBURGH PENGUINS : 1 - MANCHESTER MONARCHS : 0.
0:26 of 1st period - Vasily Podkolzin wins face-off versus Saku Maenalanen in neutral zone.
0:33 of 1st period - Icing by Kaedan Korczak.
0:34 of 1st period - Vasily Podkolzin wins face-off versus Saku Maenalanen in PITTSBURGH PENGUINS zone.
2:28 of 1st period - Shot by Curtis McKenzie.
2:28 of 1st period - Stopped by Mark Guzda with a rebound.
2:34 of 1st period - Shot by Max McCormick.
2:34 of 1st period - Shot Hit the Post.
2:36 of 1st period - Shot by Michael Stone.
2:36 of 1st period - Shot Misses the Net.
2:38 of 1st period - Shot by Jimmy Schuldt.
2:38 of 1st period - Shot Misses the Net.
2:40 of 1st period - Shot by Samuel Blais.
2:40 of 1st period - Deflect By Max McCormick.
2:40 of 1st period - Shot Misses the Net.
3:02 of 1st period - Noah Juulsen is hit by Mason Morelli and loses puck.
3:15 of 1st period - Shot by Mason Morelli.
3:15 of 1st period - Stopped by Mark Guzda without a rebound.
3:16 of 1st period - Tyler Madden wins face-off versus Saku Maenalanen in MANCHESTER MONARCHS zone.
3:33 of 1st period - Shot by Tyler Madden.
3:33 of 1st period - Shot Misses the Net.
4:20 of 1st period - Shot by Joseph Blandisi.
4:20 of 1st period - Goal by Joseph Blandisi - PITTSBURGH PENGUINS : 2 - MANCHESTER MONARCHS : 0.
4:21 of 1st period - Gabriel Fortier wins face-off versus Curtis McKenzie in neutral zone.
4:26 of 1st period - Shot by Gabriel Fortier.
4:26 of 1st period - Stopped by Joseph Woll without a rebound.
4:27 of 1st period - Gabriel Fortier wins face-off versus Curtis McKenzie in PITTSBURGH PENGUINS zone.
4:43 of 1st period - Michael Stone is hit by Chad Nychuk and loses puck.
4:50 of 1st period - Shot by Samuel Blais.
4:50 of 1st period - Shot Misses the Net.
4:52 of 1st period - Shot by Michael Stone.
4:52 of 1st period - Stopped by Mark Guzda without a rebound.
4:53 of 1st period - Gabriel Fortier wins face-off versus Sam Carrick in MANCHESTER MONARCHS zone.
6:01 of 1st period - Minor Penalty to Peter DiLiberatore for Hooking.
6:01 of 1st period - Minor Penalty to Samuel Blais for Interference.
6:02 of 1st period - Nicolas Petan wins face-off versus Jesper Boqvist in MANCHESTER MONARCHS zone.
7:07 of 1st period - Shot by Saku Maenalanen.
7:07 of 1st period - Shot Misses the Net.
7:09 of 1st period - Shot by Saku Maenalanen.
7:09 of 1st period - Goal by Saku Maenalanen - PITTSBURGH PENGUINS : 3 - MANCHESTER MONARCHS : 0.
7:10 of 1st period - Joseph Blandisi wins face-off versus Logan Brown in neutral zone.
7:29 of 1st period - Shot by Michael Stone.
7:29 of 1st period - Deflect By Curtis McKenzie.
7:29 of 1st period - Stopped by Mark Guzda without a rebound.
7:30 of 1st period - Saku Maenalanen wins face-off versus Jesper Boqvist in MANCHESTER MONARCHS zone.
7:31 of 1st period - Shot by Max McCormick.
7:31 of 1st period - Shot Misses the Net.
7:47 of 1st period - Shot by Saku Maenalanen.
7:47 of 1st period - Shot Misses the Net.
7:49 of 1st period - Shot by Saku Maenalanen.
7:49 of 1st period - Stopped by Mark Guzda without a rebound.
7:50 of 1st period - Tanner Pearson wins face-off versus Sam Carrick in MANCHESTER MONARCHS zone.
7:55 of 1st period - Shot by Sam Carrick.
7:55 of 1st period - Stopped by Mark Guzda without a rebound.
7:56 of 1st period - Sam Carrick wins face-off versus William Cuylle in MANCHESTER MONARCHS zone.
8:04 of 1st period - Minor Penalty to Nicholas Abruzzese for Roughing.
8:05 of 1st period - Jesper Boqvist wins face-off versus Saku Maenalanen in MANCHESTER MONARCHS zone.
8:05 of 1st period - Jesper Boqvist is hit by Gemel Smith.
9:12 of 1st period - Shot by Nils Hoglander.
9:12 of 1st period - Shot Misses the Net.
9:33 of 1st period - Icing by Kaedan Korczak.
9:34 of 1st period - Tanner Pearson wins face-off versus Saku Maenalanen in PITTSBURGH PENGUINS zone.
10:15 of 1st period - Icing by Nicolas Petan.
10:16 of 1st period - Jamieson Rees wins face-off versus Mason Morelli in PITTSBURGH PENGUINS zone.
10:19 of 1st period - Shot by Jesper Boqvist.
10:19 of 1st period - Shot Misses the Net.
10:39 of 1st period - Shot by Nicolas Petan.
10:39 of 1st period - Shot Blocked by Jesper Boqvist.
10:48 of 1st period - Shot by Nicolas Petan.
10:48 of 1st period - Stopped by Mark Guzda without a rebound.
10:49 of 1st period - Gabriel Fortier wins face-off versus Curtis McKenzie in MANCHESTER MONARCHS zone.
10:55 of 1st period - Shot by William Cuylle.
10:55 of 1st period - Stopped by Joseph Woll with a rebound.
10:57 of 1st period - Shot by William Cuylle.
10:57 of 1st period - Stopped by Joseph Woll without a rebound.
10:58 of 1st period - Curtis McKenzie wins face-off versus Tyler Madden in PITTSBURGH PENGUINS zone.
11:03 of 1st period - Noah Juulsen is hit by Samuel Blais and loses puck.
11:14 of 1st period - Shot by Samuel Blais.
11:14 of 1st period - Stopped by Mark Guzda without a rebound.
11:15 of 1st period - Gabriel Fortier wins face-off versus Saku Maenalanen in MANCHESTER MONARCHS zone.
11:15 of 1st period - Gabriel Fortier is hit by Rhett Gardner.
11:23 of 1st period - Shot by Vasily Podkolzin.
11:23 of 1st period - Shot Blocked by Kaedan Korczak.
11:30 of 1st period - Icing by Keaton Middleton.
11:31 of 1st period - Curtis McKenzie wins face-off versus William Cuylle in MANCHESTER MONARCHS zone.
11:57 of 1st period - Shot by William Cuylle.
11:57 of 1st period - Shot Misses the Net.
12:15 of 1st period - Noah Juulsen is hit by Samuel Blais.
12:20 of 1st period - Off-side.
12:21 of 1st period - Tanner Pearson wins face-off versus Saku Maenalanen in neutral zone.
12:31 of 1st period - Jesper Boqvist is hit by Kaedan Korczak and loses puck.
12:36 of 1st period - Shot by Tanner Pearson.
12:36 of 1st period - Stopped by Joseph Woll with a rebound.
12:40 of 1st period - Shot by Tanner Pearson.
12:40 of 1st period - Stopped by Joseph Woll without a rebound.
12:41 of 1st period - Tyler Madden wins face-off versus Joseph Blandisi in PITTSBURGH PENGUINS zone.
13:09 of 1st period - Shot by Sam Carrick.
13:09 of 1st period - Shot Misses the Net.
13:11 of 1st period - Shot by Sam Carrick.
13:11 of 1st period - Shot Misses the Net.
13:13 of 1st period - Shot by Garrett Wilson.
13:13 of 1st period - Shot Blocked by Noah Juulsen.
13:15 of 1st period - Shot by Garrett Wilson.
13:15 of 1st period - Shot Blocked by Nicholas Abruzzese.
13:17 of 1st period - Shot by Michael Karow.
13:17 of 1st period - Stopped by Mark Guzda without a rebound.
13:18 of 1st period - Rhett Gardner wins face-off versus Jamieson Rees in MANCHESTER MONARCHS zone.
13:27 of 1st period - Shot by Gemel Smith.
13:27 of 1st period - Shot Misses the Net.
13:29 of 1st period - Shot by Kaedan Korczak.
13:29 of 1st period - Shot Misses the Net.
13:33 of 1st period - Shot by Gemel Smith.
13:33 of 1st period - Shot Misses the Net.
14:16 of 1st period - Shot by Curtis McKenzie.
14:16 of 1st period - Stopped by Mark Guzda with a rebound.
14:27 of 1st period - Shot by Samuel Blais.
14:27 of 1st period - Stopped by Mark Guzda without a rebound.
14:28 of 1st period - Sam Carrick wins face-off versus Gabriel Fortier in MANCHESTER MONARCHS zone.
14:33 of 1st period - Shot by Joseph Blandisi.
14:33 of 1st period - Shot Misses the Net.
14:45 of 1st period - Shot by Sam Carrick.
14:45 of 1st period - Shot Blocked by Noah Juulsen.
15:26 of 1st period - Icing by Nicholas Abruzzese.
15:27 of 1st period - Tyler Madden wins face-off versus Saku Maenalanen in MANCHESTER MONARCHS zone.
15:27 of 1st period - Tyler Madden is hit by Rhett Gardner.
15:42 of 1st period - Shot by Rhett Gardner.
15:42 of 1st period - Shot Misses the Net.
15:44 of 1st period - Shot by Saku Maenalanen.
15:44 of 1st period - Stopped by Mark Guzda without a rebound.
15:45 of 1st period - Jesper Boqvist wins face-off versus Curtis McKenzie in MANCHESTER MONARCHS zone.
15:47 of 1st period - Icing by Kole Lind.
15:48 of 1st period - Samuel Blais wins face-off versus Jesper Boqvist in MANCHESTER MONARCHS zone.
15:51 of 1st period - Shot by Samuel Blais.
15:51 of 1st period - Shot Misses the Net.
16:09 of 1st period - Shot by Max McCormick.
16:09 of 1st period - Shot Misses the Net.
16:11 of 1st period - Shot by Michael Stone.
16:11 of 1st period - Shot Misses the Net.
16:26 of 1st period - Shot by Max McCormick.
16:26 of 1st period - Stopped by Mark Guzda without a rebound.
16:27 of 1st period - Gabriel Fortier wins face-off versus Saku Maenalanen in MANCHESTER MONARCHS zone.
16:27 of 1st period - Gabriel Fortier is hit by Rhett Gardner.
16:33 of 1st period - Shot by Vasily Podkolzin.
16:33 of 1st period - Shot Blocked by Saku Maenalanen.
16:45 of 1st period - Steven Santini is hit by Noah Juulsen and loses puck.
17:01 of 1st period - Gemel Smith is hit by Noah Juulsen.
17:18 of 1st period - Sam Carrick is hit by Noah Juulsen and loses puck.
17:36 of 1st period - Minor Penalty to Noah Juulsen for Holding.
17:37 of 1st period - Max McCormick wins face-off versus Jesper Boqvist in MANCHESTER MONARCHS zone.
17:51 of 1st period - Samuel Blais is hit by Keaton Middleton and loses puck.
18:05 of 1st period - Shot by Samuel Blais.
18:05 of 1st period - Shot Blocked by Simon Nemec.
18:07 of 1st period - Shot by Curtis McKenzie.
18:07 of 1st period - Shot Blocked by Jesper Boqvist.
18:09 of 1st period - Shot by Michael Stone.
18:09 of 1st period - Stopped by Mark Guzda with a rebound.
18:11 of 1st period - Shot by Samuel Blais.
18:11 of 1st period - Stopped by Mark Guzda with a rebound.
18:13 of 1st period - Shot by Samuel Blais.
18:13 of 1st period - Goal by Samuel Blais - PITTSBURGH PENGUINS : 4 - MANCHESTER MONARCHS : 0.
18:13 of 1st period - Michael DiPietro enters game.
18:14 of 1st period - Tyler Madden wins face-off versus Mason Morelli in neutral zone.
18:37 of 1st period - Shot by Mason Morelli.
18:37 of 1st period - Shot Misses the Net.
19:05 of 1st period - Shot by Gemel Smith.
19:05 of 1st period - Stopped by Michael DiPietro without a rebound.
19:06 of 1st period - Gabriel Fortier wins face-off versus Rhett Gardner in MANCHESTER MONARCHS zone.
19:31 of 1st period - Gabriel Fortier is hit by Steven Santini and loses puck.
19:48 of 1st period - Vasily Podkolzin is hit by Steven Santini and loses puck.
Goals for this period are 4 for PITTSBURGH PENGUINS vs 0 for MANCHESTER MONARCHS.
Shots for this period are 20 for PITTSBURGH PENGUINS vs 5 for MANCHESTER MONARCHS.

2nd period


0:01 of 2nd period - Curtis McKenzie wins face-off versus Jesper Boqvist in neutral zone.
0:15 of 2nd period - Shot by Jesper Boqvist.
0:15 of 2nd period - Shot Misses the Net.
0:18 of 2nd period - Icing by Michael Stone.
0:19 of 2nd period - Gabriel Fortier wins face-off versus Curtis McKenzie in PITTSBURGH PENGUINS zone.
0:42 of 2nd period - Icing by Jimmy Schuldt.
0:43 of 2nd period - Curtis McKenzie wins face-off versus Jesper Boqvist in PITTSBURGH PENGUINS zone.
1:25 of 2nd period - Shot by Gemel Smith.
1:25 of 2nd period - Shot Misses the Net.
1:27 of 2nd period - Shot by Kaedan Korczak.
1:27 of 2nd period - Stopped by Michael DiPietro with a rebound.
2:04 of 2nd period - Shot by Garrett Wilson.
2:04 of 2nd period - Stopped by Michael DiPietro with a rebound.
2:06 of 2nd period - Shot by Michael Karow.
2:06 of 2nd period - Shot Misses the Net.
2:16 of 2nd period - Shot by Sam Carrick.
2:16 of 2nd period - Stopped by Michael DiPietro with a rebound.
2:32 of 2nd period - Shot by Mason Morelli.
2:32 of 2nd period - Stopped by Michael DiPietro without a rebound.
2:33 of 2nd period - Curtis McKenzie wins face-off versus Tyler Madden in MANCHESTER MONARCHS zone.
2:33 of 2nd period - Minor Penalty to Peter DiLiberatore for Holding.
2:34 of 2nd period - Curtis McKenzie wins face-off versus Nils Hoglander in MANCHESTER MONARCHS zone.
2:49 of 2nd period - Shot by Max McCormick.
2:49 of 2nd period - Shot Blocked by Noah Juulsen.
2:51 of 2nd period - Shot by Michael Stone.
2:51 of 2nd period - Shot Misses the Net.
2:53 of 2nd period - Shot by Max McCormick.
2:53 of 2nd period - Stopped by Michael DiPietro without a rebound.
2:54 of 2nd period - Tanner Pearson wins face-off versus Saku Maenalanen in MANCHESTER MONARCHS zone.
3:27 of 2nd period - Shot by Saku Maenalanen.
3:27 of 2nd period - Stopped by Michael DiPietro without a rebound.
3:28 of 2nd period - Jesper Boqvist wins face-off versus Max McCormick in MANCHESTER MONARCHS zone.
3:34 of 2nd period - Icing by Samuel Blais.
3:35 of 2nd period - Jesper Boqvist wins face-off versus Curtis McKenzie in PITTSBURGH PENGUINS zone.
3:49 of 2nd period - Minor Penalty to Noah Juulsen for Hooking.
3:50 of 2nd period - Gemel Smith wins face-off versus Jesper Boqvist in MANCHESTER MONARCHS zone.
3:53 of 2nd period - Shot by Saku Maenalanen.
3:53 of 2nd period - Stopped by Michael DiPietro without a rebound.
3:54 of 2nd period - Curtis McKenzie wins face-off versus Jesper Boqvist in MANCHESTER MONARCHS zone.
3:58 of 2nd period - Shot by Michael Stone.
3:58 of 2nd period - Shot Misses the Net.
4:00 of 2nd period - Shot by Michael Stone.
4:00 of 2nd period - Goal by Michael Stone - PITTSBURGH PENGUINS : 5 - MANCHESTER MONARCHS : 0.
4:01 of 2nd period - Curtis McKenzie wins face-off versus Jesper Boqvist in neutral zone.
4:39 of 2nd period - Shot by Samuel Blais.
4:39 of 2nd period - Stopped by Michael DiPietro with a rebound.
5:20 of 2nd period - Rhett Gardner is hit by Keaton Middleton.
5:51 of 2nd period - Minor Penalty to Noah Juulsen for Hooking.
5:52 of 2nd period - Rhett Gardner wins face-off versus Jesper Boqvist in MANCHESTER MONARCHS zone.
5:55 of 2nd period - Shot by Gemel Smith.
5:55 of 2nd period - Deflect By Saku Maenalanen.
5:55 of 2nd period - Stopped by Michael DiPietro without a rebound.
5:56 of 2nd period - Jesper Boqvist wins face-off versus Saku Maenalanen in MANCHESTER MONARCHS zone.
5:56 of 2nd period - Jesper Boqvist is hit by Saku Maenalanen.
6:12 of 2nd period - Shot by Gemel Smith.
6:12 of 2nd period - Shot Misses the Net.
6:14 of 2nd period - Shot by Rhett Gardner.
6:14 of 2nd period - Goal by Rhett Gardner - PITTSBURGH PENGUINS : 6 - MANCHESTER MONARCHS : 0.
6:15 of 2nd period - Sam Carrick wins face-off versus Jamieson Rees in neutral zone.
6:22 of 2nd period - Shot by Garrett Wilson.
6:22 of 2nd period - Shot Misses the Net.
6:24 of 2nd period - Shot by Michael Karow.
6:24 of 2nd period - Shot Misses the Net.
7:04 of 2nd period - Shot by Nicholas Abruzzese.
7:04 of 2nd period - Stopped by Joseph Woll without a rebound.
7:05 of 2nd period - Curtis McKenzie wins face-off versus Gabriel Fortier in PITTSBURGH PENGUINS zone.
7:05 of 2nd period - Curtis McKenzie is hit by William Cuylle.
7:11 of 2nd period - Shot by Michael Stone.
7:11 of 2nd period - Shot Blocked by Noah Juulsen.
7:39 of 2nd period - Shot by Max McCormick.
7:39 of 2nd period - Shot Misses the Net.
8:01 of 2nd period - Shot by Saku Maenalanen.
8:01 of 2nd period - Stopped by Michael DiPietro without a rebound.
8:02 of 2nd period - Kole Lind wins face-off versus Mason Morelli in MANCHESTER MONARCHS zone.
8:14 of 2nd period - Minor Penalty to Tanner Pearson for Hooking.
8:15 of 2nd period - Jesper Boqvist wins face-off versus Saku Maenalanen in MANCHESTER MONARCHS zone.
8:44 of 2nd period - Shot by Saku Maenalanen.
8:44 of 2nd period - Deflect By Gemel Smith.
8:44 of 2nd period - Shot Misses the Net.
9:04 of 2nd period - Shot by Max McCormick.
9:04 of 2nd period - Stopped by Michael DiPietro with a rebound.
9:06 of 2nd period - Shot by Samuel Blais.
9:06 of 2nd period - Deflect By Max McCormick.
9:06 of 2nd period - Shot Blocked by Noah Juulsen.
9:10 of 2nd period - Shot by Max McCormick.
9:10 of 2nd period - Stopped by Michael DiPietro with a rebound.
9:12 of 2nd period - Shot by Michael Stone.
9:12 of 2nd period - Shot Misses the Net.
9:14 of 2nd period - Shot by Michael Stone.
9:14 of 2nd period - Stopped by Michael DiPietro without a rebound.
9:15 of 2nd period - Curtis McKenzie wins face-off versus Nils Hoglander in MANCHESTER MONARCHS zone.
10:10 of 2nd period - Shot by Gemel Smith.
10:10 of 2nd period - Stopped by Michael DiPietro without a rebound.
10:11 of 2nd period - Jesper Boqvist wins face-off versus Saku Maenalanen in MANCHESTER MONARCHS zone.
10:15 of 2nd period - Off-side.
10:16 of 2nd period - Sam Carrick wins face-off versus Jesper Boqvist in neutral zone.
10:44 of 2nd period - Tanner Pearson is hit by Michael Karow.
10:47 of 2nd period - Jesper Boqvist is hit by Michael Karow and loses puck.
10:57 of 2nd period - Icing by Michael Karow.
10:58 of 2nd period - Sam Carrick wins face-off versus Gabriel Fortier in PITTSBURGH PENGUINS zone.
11:05 of 2nd period - Icing by Vasily Podkolzin.
11:06 of 2nd period - Curtis McKenzie wins face-off versus Gabriel Fortier in MANCHESTER MONARCHS zone.
11:19 of 2nd period - Minor Penalty to Michael Stone for Tripping.
11:20 of 2nd period - Jesper Boqvist wins face-off versus Samuel Blais in PITTSBURGH PENGUINS zone.
11:29 of 2nd period - Shot by Jesper Boqvist.
11:29 of 2nd period - Stopped by Joseph Woll without a rebound.
11:30 of 2nd period - Gabriel Fortier wins face-off versus Curtis McKenzie in PITTSBURGH PENGUINS zone.
12:27 of 2nd period - Shot by Jesper Boqvist.
12:27 of 2nd period - Shot Misses the Net.
12:35 of 2nd period - Shot by Kole Lind.
12:35 of 2nd period - Stopped by Joseph Woll without a rebound.
12:36 of 2nd period - Samuel Blais wins face-off versus Jesper Boqvist in PITTSBURGH PENGUINS zone.
12:54 of 2nd period - Shot by Kole Lind.
12:54 of 2nd period - Shot Misses the Net.
12:56 of 2nd period - Shot by Kole Lind.
12:56 of 2nd period - Deflect By Jesper Boqvist.
12:56 of 2nd period - Stopped by Joseph Woll with a rebound.
12:58 of 2nd period - Shot by Keaton Middleton.
12:58 of 2nd period - Shot Misses the Net.
13:00 of 2nd period - Shot by Tanner Pearson.
13:00 of 2nd period - Stopped by Joseph Woll without a rebound.
13:01 of 2nd period - Saku Maenalanen wins face-off versus Gabriel Fortier in PITTSBURGH PENGUINS zone.
13:29 of 2nd period - Minor Penalty to Michael Karow for Hooking.
13:30 of 2nd period - Samuel Blais wins face-off versus Gabriel Fortier in PITTSBURGH PENGUINS zone.
13:41 of 2nd period - Shot by Vasily Podkolzin.
13:41 of 2nd period - Stopped by Joseph Woll without a rebound.
13:42 of 2nd period - Jesper Boqvist wins face-off versus Saku Maenalanen in PITTSBURGH PENGUINS zone.
14:36 of 2nd period - Samuel Blais is hit by William Cuylle and loses puck.
14:46 of 2nd period - Shot by Vasily Podkolzin.
14:46 of 2nd period - Shot Misses the Net.
14:48 of 2nd period - Shot by Vasily Podkolzin.
14:48 of 2nd period - Shot Misses the Net.
14:50 of 2nd period - Shot by Vasily Podkolzin.
14:50 of 2nd period - Stopped by Joseph Woll without a rebound.
14:51 of 2nd period - Gabriel Fortier wins face-off versus Max McCormick in PITTSBURGH PENGUINS zone.
14:54 of 2nd period - Shot by William Cuylle.
14:54 of 2nd period - Shot Misses the Net.
14:56 of 2nd period - Shot by Gabriel Fortier.
14:56 of 2nd period - Shot Blocked by Kaedan Korczak.
14:58 of 2nd period - Shot by Vasily Podkolzin.
14:58 of 2nd period - Goal by Vasily Podkolzin - PITTSBURGH PENGUINS : 6 - MANCHESTER MONARCHS : 1.
14:59 of 2nd period - Saku Maenalanen wins face-off versus Tyler Madden in neutral zone.
15:02 of 2nd period - Nicholas Abruzzese is hit by Rhett Gardner and loses puck.
15:11 of 2nd period - Nicholas Abruzzese is hit by Gemel Smith.
15:17 of 2nd period - Shot by Kole Lind.
15:17 of 2nd period - Shot Blocked by Kaedan Korczak.
15:31 of 2nd period - Shot by Gemel Smith.
15:31 of 2nd period - Deflect By Saku Maenalanen.
15:31 of 2nd period - Shot Hit the Post.
15:33 of 2nd period - Shot by Saku Maenalanen.
15:33 of 2nd period - Deflect By Rhett Gardner.
15:33 of 2nd period - Shot Misses the Net.
16:18 of 2nd period - Icing by Nils Hoglander.
16:19 of 2nd period - Mason Morelli wins face-off versus Jamieson Rees in MANCHESTER MONARCHS zone.
16:19 of 2nd period - Michael Stone is hit by Keaton Middleton.
16:25 of 2nd period - Nils Hoglander is hit by Mason Morelli and loses puck.
17:10 of 2nd period - Vasily Podkolzin is hit by Samuel Blais and loses puck.
17:27 of 2nd period - Shot by Samuel Blais.
17:27 of 2nd period - Stopped by Michael DiPietro with a rebound.
17:31 of 2nd period - Shot by Curtis McKenzie.
17:31 of 2nd period - Shot Hit the Post.
18:10 of 2nd period - Off-side.
18:11 of 2nd period - Jesper Boqvist wins face-off versus Joseph Blandisi in neutral zone.
18:14 of 2nd period - Michael Stone is hit by Kole Lind and loses puck.
18:29 of 2nd period - Shot by Jesper Boqvist.
18:29 of 2nd period - Shot Misses the Net.
18:31 of 2nd period - Shot by Keaton Middleton.
18:31 of 2nd period - Stopped by Joseph Woll without a rebound.
18:32 of 2nd period - Jamieson Rees wins face-off versus Mason Morelli in PITTSBURGH PENGUINS zone.
18:35 of 2nd period - Shot by Nils Hoglander.
18:35 of 2nd period - Stopped by Joseph Woll with a rebound.
18:53 of 2nd period - Shot by Jesper Boqvist.
18:53 of 2nd period - Shot Misses the Net.
18:56 of 2nd period - Icing by Michael Karow.
18:57 of 2nd period - Mason Morelli wins face-off versus Tyler Madden in PITTSBURGH PENGUINS zone.
18:57 of 2nd period - Mason Morelli is hit by Nicholas Abruzzese.
19:18 of 2nd period - Off-side.
19:19 of 2nd period - Gabriel Fortier wins face-off versus Curtis McKenzie in neutral zone.
19:19 of 2nd period - Gabriel Fortier is hit by Curtis McKenzie.
19:25 of 2nd period - Michael Stone is hit by Vasily Podkolzin.
19:34 of 2nd period - Minor Penalty to Samuel Blais for Hooking.
19:35 of 2nd period - Garrett Wilson wins face-off versus Jesper Boqvist in PITTSBURGH PENGUINS zone.
Goals for this period are 2 for PITTSBURGH PENGUINS vs 1 for MANCHESTER MONARCHS.
Shots for this period are 17 for PITTSBURGH PENGUINS vs 10 for MANCHESTER MONARCHS.

3rd period


0:01 of 3rd period - Garrett Wilson wins face-off versus Jesper Boqvist in neutral zone.
0:13 of 3rd period - Shot by Kole Lind.
0:13 of 3rd period - Deflect By Tanner Pearson.
0:13 of 3rd period - Stopped by Joseph Woll without a rebound.
0:14 of 3rd period - Gabriel Fortier wins face-off versus Garrett Wilson in PITTSBURGH PENGUINS zone.
0:15 of 3rd period - Shot by Vasily Podkolzin.
0:15 of 3rd period - Shot Misses the Net.
1:20 of 3rd period - Shot by Kole Lind.
1:20 of 3rd period - Deflect By Tanner Pearson.
1:20 of 3rd period - Stopped by Joseph Woll without a rebound.
1:21 of 3rd period - Tanner Pearson wins face-off versus Garrett Wilson in PITTSBURGH PENGUINS zone.
1:24 of 3rd period - Shot by Kole Lind.
1:24 of 3rd period - Shot Blocked by Kaedan Korczak.
1:38 of 3rd period - Shot by Kole Lind.
1:38 of 3rd period - Shot Misses the Net.
1:42 of 3rd period - Shot by Nicholas Abruzzese.
1:42 of 3rd period - Stopped by Joseph Woll without a rebound.
1:43 of 3rd period - Gabriel Fortier wins face-off versus Saku Maenalanen in PITTSBURGH PENGUINS zone.
1:48 of 3rd period - Shot by Vasily Podkolzin.
1:48 of 3rd period - Shot Misses the Net.
1:50 of 3rd period - Shot by Vasily Podkolzin.
1:50 of 3rd period - Deflect By William Cuylle.
1:50 of 3rd period - Shot Misses the Net.
1:52 of 3rd period - Shot by Vasily Podkolzin.
1:52 of 3rd period - Stopped by Joseph Woll without a rebound.
1:53 of 3rd period - Sam Carrick wins face-off versus Jamieson Rees in PITTSBURGH PENGUINS zone.
2:02 of 3rd period - Shot by Jesper Boqvist.
2:02 of 3rd period - Shot Misses the Net.
2:04 of 3rd period - Shot by Nils Hoglander.
2:04 of 3rd period - Shot Misses the Net.
2:06 of 3rd period - Shot by Jesper Boqvist.
2:06 of 3rd period - Stopped by Joseph Woll without a rebound.
2:07 of 3rd period - Gabriel Fortier wins face-off versus Curtis McKenzie in PITTSBURGH PENGUINS zone.
2:22 of 3rd period - Shot by Gabriel Fortier.
2:22 of 3rd period - Stopped by Joseph Woll without a rebound.
2:23 of 3rd period - Gemel Smith wins face-off versus Jesper Boqvist in PITTSBURGH PENGUINS zone.
2:27 of 3rd period - Off-side.
2:28 of 3rd period - Curtis McKenzie wins face-off versus Jesper Boqvist in neutral zone.
2:37 of 3rd period - Michael Stone is hit by Tanner Pearson and loses puck.
2:44 of 3rd period - Tanner Pearson is hit by Curtis McKenzie and loses puck.
2:55 of 3rd period - Shot by Kole Lind.
2:55 of 3rd period - Stopped by Joseph Woll with a rebound.
3:04 of 3rd period - Icing by Curtis McKenzie.
3:05 of 3rd period - Curtis McKenzie wins face-off versus Gabriel Fortier in PITTSBURGH PENGUINS zone.
3:05 of 3rd period - Curtis McKenzie is hit by William Cuylle.
3:22 of 3rd period - Shot by Vasily Podkolzin.
3:22 of 3rd period - Goal by Vasily Podkolzin - PITTSBURGH PENGUINS : 6 - MANCHESTER MONARCHS : 2.
3:23 of 3rd period - Tyler Madden wins face-off versus Saku Maenalanen in neutral zone.
3:32 of 3rd period - Shot by Nicholas Abruzzese.
3:32 of 3rd period - Stopped by Joseph Woll with a rebound.
3:36 of 3rd period - Shot by Kole Lind.
3:36 of 3rd period - Stopped by Joseph Woll without a rebound.
3:37 of 3rd period - Sam Carrick wins face-off versus Gabriel Fortier in PITTSBURGH PENGUINS zone.
3:46 of 3rd period - Shot by Sam Carrick.
3:46 of 3rd period - Stopped by Michael DiPietro with a rebound.
3:48 of 3rd period - Shot by Joseph Blandisi.
3:48 of 3rd period - Shot Misses the Net.
5:04 of 3rd period - Icing by Simon Nemec.
5:05 of 3rd period - Curtis McKenzie wins face-off versus Gabriel Fortier in MANCHESTER MONARCHS zone.
5:06 of 3rd period - Shot by Samuel Blais.
5:06 of 3rd period - Shot Misses the Net.
5:08 of 3rd period - Shot by Michael Stone.
5:08 of 3rd period - Stopped by Michael DiPietro with a rebound.
5:10 of 3rd period - Shot by Michael Stone.
5:10 of 3rd period - Stopped by Michael DiPietro without a rebound.
5:11 of 3rd period - Curtis McKenzie wins face-off versus Jesper Boqvist in MANCHESTER MONARCHS zone.
5:16 of 3rd period - Shot by Samuel Blais.
5:16 of 3rd period - Shot Hit the Post.
5:18 of 3rd period - Shot by Jimmy Schuldt.
5:18 of 3rd period - Deflect By Max McCormick.
5:18 of 3rd period - Shot Misses the Net.
5:20 of 3rd period - Shot by Max McCormick.
5:20 of 3rd period - Shot Blocked by Otto Leskinen.
5:22 of 3rd period - Shot by Samuel Blais.
5:22 of 3rd period - Stopped by Michael DiPietro without a rebound.
5:23 of 3rd period - Jamieson Rees wins face-off versus Sam Carrick in MANCHESTER MONARCHS zone.
5:23 of 3rd period - Jamieson Rees is hit by Sam Carrick.
5:37 of 3rd period - Shot by Jamieson Rees.
5:37 of 3rd period - Goal by Jamieson Rees - PITTSBURGH PENGUINS : 6 - MANCHESTER MONARCHS : 3.
5:38 of 3rd period - Tyler Madden wins face-off versus Curtis McKenzie in neutral zone.
5:41 of 3rd period - Shot by Nicholas Abruzzese.
5:41 of 3rd period - Deflect By Tyler Madden.
5:41 of 3rd period - Stopped by Joseph Woll without a rebound.
5:42 of 3rd period - Curtis McKenzie wins face-off versus Jesper Boqvist in PITTSBURGH PENGUINS zone.
5:49 of 3rd period - Shot by Max McCormick.
5:49 of 3rd period - Goal by Max McCormick - PITTSBURGH PENGUINS : 7 - MANCHESTER MONARCHS : 3.
5:50 of 3rd period - Jesper Boqvist wins face-off versus Curtis McKenzie in neutral zone.
5:50 of 3rd period - Jesper Boqvist is hit by Samuel Blais.
5:53 of 3rd period - Tanner Pearson is hit by Michael Stone and loses puck.
6:09 of 3rd period - Minor Penalty to Michael Stone for Charging.
6:10 of 3rd period - Samuel Blais wins face-off versus Gabriel Fortier in PITTSBURGH PENGUINS zone.
6:41 of 3rd period - Shot by Vasily Podkolzin.
6:41 of 3rd period - Stopped by Joseph Woll without a rebound.
6:42 of 3rd period - Samuel Blais wins face-off versus Jesper Boqvist in PITTSBURGH PENGUINS zone.
7:43 of 3rd period - Shot by Gabriel Fortier.
7:43 of 3rd period - Stopped by Joseph Woll with a rebound.
7:45 of 3rd period - Shot by Keaton Middleton.
7:45 of 3rd period - Stopped by Joseph Woll without a rebound.
7:46 of 3rd period - Max McCormick wins face-off versus Jesper Boqvist in PITTSBURGH PENGUINS zone.
8:09 of 3rd period - Minor Penalty to Kole Lind for High sticking.
8:09 of 3rd period - Minor Penalty to Michael Karow for High sticking.
8:10 of 3rd period - Samuel Blais wins face-off versus Logan Brown in PITTSBURGH PENGUINS zone.
8:23 of 3rd period - Shot by Curtis McKenzie.
8:23 of 3rd period - Shot Blocked by Otto Leskinen.
8:45 of 3rd period - Off-side.
8:46 of 3rd period - Jesper Boqvist wins face-off versus Saku Maenalanen in neutral zone.
9:15 of 3rd period - Shot by Nils Hoglander.
9:15 of 3rd period - Shot Blocked by Saku Maenalanen.
9:33 of 3rd period - Shot by Tanner Pearson.
9:33 of 3rd period - Stopped by Joseph Woll without a rebound.
9:34 of 3rd period - Samuel Blais wins face-off versus Tanner Pearson in PITTSBURGH PENGUINS zone.
9:53 of 3rd period - Shot by Samuel Blais.
9:53 of 3rd period - Deflect By Curtis McKenzie.
9:53 of 3rd period - Stopped by Michael DiPietro without a rebound.
9:54 of 3rd period - Jesper Boqvist wins face-off versus Sam Carrick in MANCHESTER MONARCHS zone.
9:56 of 3rd period - Icing by Logan Brown.
9:57 of 3rd period - Jesper Boqvist wins face-off versus Samuel Blais in MANCHESTER MONARCHS zone.
10:25 of 3rd period - Icing by Vasily Podkolzin.
10:26 of 3rd period - Gabriel Fortier wins face-off versus Saku Maenalanen in MANCHESTER MONARCHS zone.
10:26 of 3rd period - Gabriel Fortier is hit by Rhett Gardner.
10:32 of 3rd period - Shot by Vasily Podkolzin.
10:32 of 3rd period - Shot Misses the Net.
10:36 of 3rd period - Shot by William Cuylle.
10:36 of 3rd period - Deflect By Gabriel Fortier.
10:36 of 3rd period - Shot Blocked by Kaedan Korczak.
10:48 of 3rd period - Shot by Saku Maenalanen.
10:48 of 3rd period - Shot Hit the Post.
10:54 of 3rd period - Shot by Gemel Smith.
10:54 of 3rd period - Shot Misses the Net.
11:42 of 3rd period - Jesper Boqvist is hit by Jimmy Schuldt and loses puck.
12:04 of 3rd period - Shot by Nicholas Abruzzese.
12:04 of 3rd period - Stopped by Joseph Woll without a rebound.
12:05 of 3rd period - Jamieson Rees wins face-off versus Samuel Blais in PITTSBURGH PENGUINS zone.
12:05 of 3rd period - Jamieson Rees is hit by Michael Karow.
12:14 of 3rd period - Icing by Max McCormick.
12:15 of 3rd period - Gabriel Fortier wins face-off versus Curtis McKenzie in PITTSBURGH PENGUINS zone.
12:34 of 3rd period - Shot by Vasily Podkolzin.
12:34 of 3rd period - Shot Misses the Net.
12:36 of 3rd period - Shot by Vasily Podkolzin.
12:36 of 3rd period - Shot Misses the Net.
12:38 of 3rd period - Shot by Vasily Podkolzin.
12:38 of 3rd period - Deflect By Gabriel Fortier.
12:38 of 3rd period - Stopped by Joseph Woll without a rebound.
12:39 of 3rd period - Mason Morelli wins face-off versus Tyler Madden in PITTSBURGH PENGUINS zone.
12:51 of 3rd period - Off-side.
12:52 of 3rd period - Jamieson Rees wins face-off versus Saku Maenalanen in neutral zone.
13:12 of 3rd period - Icing by Saku Maenalanen.
13:13 of 3rd period - Gabriel Fortier wins face-off versus Saku Maenalanen in PITTSBURGH PENGUINS zone.
13:54 of 3rd period - Vasily Podkolzin is hit by Jimmy Schuldt.
14:05 of 3rd period - Jesper Boqvist is hit by Jimmy Schuldt and loses puck.
14:08 of 3rd period - Shot by Jesper Boqvist.
14:08 of 3rd period - Stopped by Joseph Woll with a rebound.
14:10 of 3rd period - Shot by Simon Nemec.
14:10 of 3rd period - Shot Misses the Net.
14:12 of 3rd period - Shot by Jesper Boqvist.
14:12 of 3rd period - Stopped by Joseph Woll without a rebound.
14:13 of 3rd period - Jamieson Rees wins face-off versus Sam Carrick in PITTSBURGH PENGUINS zone.
14:13 of 3rd period - Nils Hoglander is hit by Darren Brady and loses puck.
14:15 of 3rd period - Minor Penalty to Jamieson Rees for High sticking.
14:16 of 3rd period - Curtis McKenzie wins face-off versus Jesper Boqvist in MANCHESTER MONARCHS zone.
14:17 of 3rd period - Shot by Max McCormick.
14:17 of 3rd period - Stopped by Michael DiPietro without a rebound.
14:18 of 3rd period - Curtis McKenzie wins face-off versus Jesper Boqvist in MANCHESTER MONARCHS zone.
14:31 of 3rd period - Shot by Samuel Blais.
14:31 of 3rd period - Shot Misses the Net.
15:59 of 3rd period - Shot by Samuel Blais.
15:59 of 3rd period - Shot Misses the Net.
16:01 of 3rd period - Shot by Jimmy Schuldt.
16:01 of 3rd period - Stopped by Michael DiPietro without a rebound.
16:02 of 3rd period - Jesper Boqvist wins face-off versus Saku Maenalanen in MANCHESTER MONARCHS zone.
16:02 of 3rd period - Jesper Boqvist is hit by Saku Maenalanen.
16:19 of 3rd period - Icing by Chad Nychuk.
16:20 of 3rd period - Sam Carrick wins face-off versus Tyler Madden in MANCHESTER MONARCHS zone.
16:35 of 3rd period - Shot by Tyler Madden.
16:35 of 3rd period - Shot Misses the Net.
16:47 of 3rd period - Shot by Garrett Wilson.
16:47 of 3rd period - Deflect By Joseph Blandisi.
16:47 of 3rd period - Shot Misses the Net.
16:49 of 3rd period - Shot by Sam Carrick.
16:49 of 3rd period - Stopped by Michael DiPietro without a rebound.
16:50 of 3rd period - Mason Morelli wins face-off versus Jamieson Rees in MANCHESTER MONARCHS zone.
17:05 of 3rd period - Shot by Nils Hoglander.
17:05 of 3rd period - Stopped by Joseph Woll with a rebound.
17:11 of 3rd period - Shot by Nils Hoglander.
17:11 of 3rd period - Stopped by Joseph Woll with a rebound.
17:13 of 3rd period - Shot by Keaton Middleton.
17:13 of 3rd period - Shot Misses the Net.
17:15 of 3rd period - Shot by Jesper Boqvist.
17:15 of 3rd period - Stopped by Joseph Woll without a rebound.
17:16 of 3rd period - Curtis McKenzie wins face-off versus Gabriel Fortier in PITTSBURGH PENGUINS zone.
17:35 of 3rd period - Icing by Noah Juulsen.
17:36 of 3rd period - Gabriel Fortier wins face-off versus Saku Maenalanen in MANCHESTER MONARCHS zone.
17:36 of 3rd period - Gabriel Fortier is hit by Rhett Gardner.
17:44 of 3rd period - Shot by Vasily Podkolzin.
17:44 of 3rd period - Shot Misses the Net.
17:46 of 3rd period - Shot by Otto Leskinen.
17:46 of 3rd period - Stopped by Joseph Woll without a rebound.
17:46 of 3rd period - Minor Penalty to Darren Brady for Hooking.
17:47 of 3rd period - Samuel Blais wins face-off versus Jesper Boqvist in PITTSBURGH PENGUINS zone.
18:58 of 3rd period - Shot by Vasily Podkolzin.
18:58 of 3rd period - Shot Blocked by Kaedan Korczak.
19:00 of 3rd period - Shot by Otto Leskinen.
19:00 of 3rd period - Stopped by Joseph Woll without a rebound.
19:01 of 3rd period - Saku Maenalanen wins face-off versus Gabriel Fortier in PITTSBURGH PENGUINS zone.
19:55 of 3rd period - Off-side.
19:56 of 3rd period - Sam Carrick wins face-off versus Jamieson Rees in neutral zone.
Goals for this period are 1 for PITTSBURGH PENGUINS vs 2 for MANCHESTER MONARCHS.
Shots for this period are 9 for PITTSBURGH PENGUINS vs 25 for MANCHESTER MONARCHS.